 Dungeon Crawl Stone Soup version 0.29-a0-886-gfb1a3fa8b1 (webtiles) character file.

Game seed: 1698222130895703172

50 RepoMan the Vexing (level 3, 0/20 HPs)
             Began as a Deep Elf Arcane Marksman on July 21, 2022.
             Slain by a goblin
             ... wielding a +0 dagger
             ... led by Robin
              (1 damage)
             ... on level 2 of the Dungeon.
             The game lasted 00:07:57 (1529 turns).

RepoMan the Vexing (Deep Elf Arcane Marksman)       Turns: 1529, Time: 00:07:57

Health: 0/20       AC:  2    Str:  7    XL:     3   Next: 55%
Magic:  8/8        EV: 13    Int: 17    God:
Gold:   32         SH:  0    Dex: 23    Spells: 5/6 levels left

rFire   . . .      SeeInvis .   s - +2 short sword (speed)
rCold   . . .      Faith    .   (no shield)
rNeg    . . .      Spirit   .   c - +0 robe
rPois   .          Reflect  .   (no helmet)
rElec   .          Harm     .   (no cloak)
rCorr   .          Rampage  .   (no gloves)
Will    .....                   (no boots)
Stlth   ++........              (no amulet)
HPRegen 0.06/turn               h - +6 ring of dexterity
MPRegen 0.11/turn               (no ring)

@: brilliant, on berserk cooldown, slowed, very slow
A: no striking features
a: no special abilities


You were on level 2 of the Dungeon.
You visited 1 branch of the dungeon, and saw 2 of its levels.

You collected 32 gold pieces.

Inventory:

Hand Weapons
 a - a +1 antimagic short sword
 d - a +0 dagger
 s - a +2 short sword of speed (weapon)
 y - a +0 sling
Missiles
 m - 3 poisoned darts
Armour
 c - a +0 robe (worn)
 i - a +0 leather armour
Jewellery
 g - a ring of fire
 h - a +6 ring of dexterity (left hand)
Scrolls
 b - a scroll of vulnerability
 e - a scroll of identify {unknown}
 j - 2 scrolls of enchant weapon {unknown}
 l - 2 scrolls of butterflies {unknown}
Potions
 k - a potion of berserk rage
 n - a potion of might {unknown}


   Skills:
 + Level 1.4 Fighting
 * Level 1.4 Short Blades
 - Level 2.6 Ranged Weapons
 - Level 2.4 Dodging
 - Level 2.0 Spellcasting
 * Level 5.0 Hexes


You had 5 spell levels left.
You knew the following spells:

 Your Spells              Type           Power      Damage    Failure   Level
w - Slow                  Hex            100%       N/A       2%          1

Your spell library contained the following spells:

 Spells                   Type           Power      Damage    Failure   Level
 Inner Flame              Hex/Fire       15%        N/A       21%         3
 Portal Projectile        Hex/Tloc       30%        N/A       21%         3
 Cause Fear               Hex            14%        N/A       24%         4
 Gell's Gravitas          Tloc           2%         N/A       50%         3
 Lesser Beckoning         Tloc           2%         N/A       50%         3
 Teleport Other           Tloc           2%         N/A       50%         3


Dungeon Overview and Level Annotations

Branches:
Dungeon (2/15)

Altars:

Shops:
D:1 (

Annotations:
D:2 Robin


Message History

The goblin attacks as you move away! The goblin barely misses you.
You closely miss the goblin. Your punch misses the goblin.
The goblin attacks as you move away! The goblin hits you but does no damage.
Robin's horned helmet rattles.
You hit the goblin.
The goblin is heavily wounded.
You closely miss the goblin.
The goblin is heavily wounded.
The goblin hits you with a +0 club.
Okay, then.
Okay, then.
Okay, then.
Casting: Slow (safe; 2% risk of failure)
Confirm with . or Enter, or press ? or * to list all spells.
Aiming: Slow (safe; 2% risk of failure)
Press: ? - help, Shift-Dir - straight line, f - goblin
Aim: a goblin, wielding a +0 club (heavily wounded, strong, chance to affect: 74%)
The goblin struggles to resist.
The goblin hits you with a +0 club.
* * * LOW HITPOINT WARNING * * *
Unknown command.
It was a potion of berserk rage.
A red film seems to cover your vision as you go berserk!
You feel yourself moving faster!
You feel mighty! The goblin hits you but does no damage.
You puncture the goblin!
You kill the goblin!
You feel a strong urge to attack something.
You feel your anger nearly subside.
You are no longer berserk.
You are exhausted.
You feel yourself slow down.
Robin roars a battlecry!
The goblin attacks as you move away! The goblin hits you with a +0 dagger.
* * * LOW HITPOINT WARNING * * *
Robin roars a battlecry!
The goblin goes into a battle-frenzy!
Unknown command.
It was a potion of brilliance.
You feel clever all of a sudden. The goblin hits you with a +0 dagger.
You die...

.##.###g##.##.# #.#
....g..g##.##.###.#######+#
###g######.##...........#.#
#.# #.g........###.#.# #g#
###.##..##.# #.#.## g.#
#.##.....# #....## ####
#.###.##.# #.....#####
#.g.g....###..........
#####@##.......#######
#........#.# ##########.#
#.# #.# #.# ### #.# ..# #.#
### #.# #.# #..


You could see Robin and a goblin (strong).

Vanquished Creatures
  An adder (D:2)
  A dart slug (D:2)
  6 bats
  4 endoplasms (D:1)
  8 goblins
  3 hobgoblins (D:1)
  2 quokkas (D:1)
  4 ball pythons (D:1)
  2 frilled lizards (D:1)
  2 kobolds (D:1)
  4 rats
37 creatures vanquished.

Notes
Turn   | Place    | Note
-------+----------+-------------------------------------------
     0 | D:1      | RepoMan the Deep Elf Arcane Marksman began the quest for
                  | the Orb.
     0 | D:1      | Reached XP level 1. HP: 11/11 MP: 5/5
   134 | D:1      | Reached skill level 1 in Fighting
   382 | D:1      | Reached XP level 2. HP: 16/16 MP: 6/6
   612 | D:1      | Found Wigod's Antique Weapon Shoppe.
   970 | D:1      | Reached skill level 1 in Short Blades
  1037 | D:1      | Reached XP level 3. HP: 20/20 MP: 6/8
  1488 | D:2      | Reached skill level 5 in Hexes
  1492 | D:2      | Noticed Robin
  1512 | D:2      | HP: 1/20 [goblin/+0 club[Robin] (6)]
  1528 | D:2      | HP: 1/20 [goblin/+0 dagger[Robin] (1)]
  1529 | D:2      | Slain by a goblin

Illustrated notes

Levels and vault maps discovered:
D:1:      saegor_arrival_simple_e, layout_basic, serial_shops,
          nicolae_shop_trees, minmay_stone_trees_small, minmay_split_cup_small
D:2:      layout_loops_corners, uniq_robin, uniq_terence

Skill      XL: |  1  2  3 |
---------------+----------+-----
Fighting       | 1 |  1.4
Spellcasting   | 2 |  2.0
Short Blades   | 1 |  1.4
Hexes          | 5 |  5.0
Ranged Weapons | |  2.6
Dodging        | |  2.4

Action                   || total
-------------------------++-------
Melee: Short sword       ||    27
 Fire: Sling             ||    68
 Cast: Slow              ||    32
  Use: Potion            ||     2
Armor: Robe              ||    17
Dodge: Dodged            ||    22

Table legend: (Time is in decaauts)
 A = Elapsed time spent in this place.
 B = Non-inter-level travel time spent in this place.
 C = Inter-level travel time spent in this place.
 D = Time resting spent in this place.
 E = Time spent auto-exploring this place.
 F = Levels seen in this place.
 G = Mean time per level.
                   A        B        C        D        E       F      G
               +--------+--------+--------+--------+--------+-----+--------+
         Total |   1534 |   1495 |     39 |    312 |    827 |   2 |  767.0 |
       Dungeon |   1534 |   1495 |     39 |    312 |    827 |   2 |  767.0 |
               +--------+--------+--------+--------+--------+-----+--------+

Top non-repeatable levels by time:
     D:1: 1282 daAuts
     D:2: 252 daAuts
